[ AOE2 MATCH · #461462433 ]
Team RMGoths vs Khmer
[ REPLAY ANALYSIS · EXTRACTED FROM THE RECORDED GAME ]
Feudal
14:51
Castle
18:43
Imperial
35:47
| APM avg | 27.2 |
| APM peak | 86 |
| eAPM avg | 20.2 |
| Villagers / military | 160 / 862 |
Focus
⚔️ 67.4% · 🌾 32.6%
Huskarl ×850 · Trade Cart ×38 · Monk ×6 · Trebuchet (Packed) ×5 · Militia ×1
Feudal
13:32
Castle
35:51
Imperial
49:50
| APM avg | 8.0 |
| APM peak | 33 |
| eAPM avg | 7.1 |
| Villagers / military | 178 / 106 |
Focus
⚔️ 22.2% · 🌾 77.8%
Longbowman ×50 · Knight ×39 · Trade Cart ×25 · Militia ×11 · Monk ×3 · Spearman ×3
Feudal
12:52
Castle
19:43
Imperial
39:10
| APM avg | 12.5 |
| APM peak | 31 |
| eAPM avg | 9.8 |
| Villagers / military | 146 / 283 |
Focus
⚔️ 28.1% · 🌾 71.9%
Spearman ×114 · Ballista Elephant ×51 · Skirmisher ×37 · Knight ×30 · Mangonel ×26 · Petard ×8
Feudal
—
Castle
—
Imperial
—
| APM avg | 19.7 |
| APM peak | 147 |
| eAPM avg | 17.1 |
| Villagers / military | 104 / 551 |
Focus
⚔️ 48.7% · 🌾 51.3%
Militia ×129 · Rattan Archer ×119 · Spearman ×92 · Archer ×77 · Skirmisher ×41 · Battle Elephant ×41
Feudal
14:18
Castle
24:49
Imperial
38:46
| APM avg | 13.7 |
| APM peak | 107 |
| eAPM avg | 11.9 |
| Villagers / military | 85 / 386 |
Focus
⚔️ 51.1% · 🌾 48.9%
Boyar ×218 · Spearman ×146 · Trade Cart ×14 · Monk ×9 · Trebuchet (Packed) ×8 · Mangonel ×5
Feudal
14:24
Castle
26:59
Imperial
53:56
| APM avg | 28.8 |
| APM peak | 81 |
| eAPM avg | 19.2 |
| Villagers / military | 182 / 450 |
Focus
⚔️ 38.3% · 🌾 61.7%
Knight ×224 · Spearman ×159 · Trade Cart ×48 · Scorpion ×46 · Coustillier ×14 · Flemish Militia ×5
Feudal
13:35
Castle
25:38
Imperial
44:40
| APM avg | 7.3 |
| APM peak | 26 |
| eAPM avg | 6.8 |
| Villagers / military | 296 / 219 |
Focus
⚔️ 24.2% · 🌾 75.8%
Knight ×71 · War Elephant ×61 · Militia ×51 · Trade Cart ×39 · Scout Cavalry ×36
Feudal
14:55
Castle
27:52
Imperial
42:49
| APM avg | 5.1 |
| APM peak | 31 |
| eAPM avg | 3.7 |
| Villagers / military | 109 / 72 |
Focus
⚔️ 20.7% · 🌾 79.3%
Archer ×56 · Cataphract ×14 · Trade Cart ×14 · Monk ×1 · Mangonel ×1
Match map
Initial resources + every placement click. Lines = walls · curves = elevation contours. ◆ gold · ⬟ stone · ● berries · ✦ relic · ◌ wall gap
Inputs per minute
— Patheris - - mdg762
Build order — Patheris
First 150 of 1244 actions detected
| 0:03 | Create | Villager (Male) |
| 0:04 | Create | Villager (Male) |
| 0:06 | Build | House |
| 0:23 | Create | Villager (Male) |
| 0:23 | Create | Villager (Male) |
| 0:25 | Research | Loom |
| 0:27 | Create | Villager (Male) |
| 0:27 | Create | Villager (Male) |
| 1:36 | Create | Villager (Male) |
| 1:36 | Create | Villager (Male) |
| 2:02 | Create | Villager (Male) |
| 2:25 | Create | Villager (Male) |
| 2:39 | Build | House |
| 3:05 | Build | Lumber Camp |
| 3:09 | Create | Villager (Male) |
| 3:10 | Create | Villager (Male) |
| 3:26 | Build | Palisade Wall |
| 4:49 | Create | Villager (Male) |
| 4:49 | Create | Villager (Male) |
| 4:50 | Create | Villager (Male) |
| 5:01 | Build | Mill |
| 6:13 | Create | Villager (Male) |
| 6:13 | Create | Villager (Male) |
| 6:21 | Build | House |
| 6:52 | Build | House |
| 7:16 | Create | Villager (Male) |
| 7:16 | Create | Villager (Male) |
| 7:16 | Create | Villager (Male) |
| 8:37 | Create | Villager (Male) |
| 8:37 | Create | Villager (Male) |
| 8:37 | Create | Villager (Male) |
| 8:37 | Create | Villager (Male) |
| 8:43 | Build | House |
| 9:08 | Build | Lumber Camp |
| 9:18 | Create | Villager (Male) |
| 10:14 | Create | Villager (Male) |
| 10:24 | Build | Mining Camp |
| 10:47 | Create | Villager (Male) |
| 10:47 | Create | Villager (Male) |
| 11:17 | Create | Villager (Male) |
| 11:36 | Build | Farm |
| 11:39 | Build | Farm |
| 11:54 | Create | Villager (Male) |
| 12:02 | Build | Farm |
| 12:23 | Build | Farm |
| 12:41 | Research | Feudal Age |
| 12:46 | Create | Villager (Male) |
| 12:46 | Create | Villager (Male) |
| 13:21 | Create | Villager (Male) |
| 13:25 | Build | Farm |
| 13:33 | Build | Farm |
| 13:39 | Build | Farm |
| 13:55 | Build | House |
| 14:02 | Build | House |
| 14:40 | Build | Farm |
| 14:43 | Build | Farm |
| 14:47 | Build | Farm |
| 14:51 | Age | Feudal Age |
| 15:00 | Build | Farm |
| 15:08 | Build | Market |
| 15:19 | Build | Blacksmith |
| 15:41 | Build | Mining Camp |
| 15:45 | Create | Villager (Male) |
| 16:04 | Research | Castle Age |
| 16:40 | Create | Villager (Male) |
| 16:40 | Create | Villager (Male) |
| 16:48 | Build | Farm |
| 16:52 | Build | Farm |
| 16:57 | Research | Double-Bit Axe |
| 17:11 | Research | Horse Collar |
| 18:07 | Build | Farm |
| 18:43 | Age | Castle Age |
| 19:03 | Create | Villager (Male) |
| 19:12 | Build | Town Center |
| 19:28 | Create | Villager (Male) |
| 19:28 | Create | Villager (Male) |
| 19:42 | Build | House |
| 19:44 | Build | House |
| 19:52 | Create | Villager (Male) |
| 19:53 | Create | Villager (Male) |
| 19:56 | Research | Wheelbarrow |
| 19:59 | Create | Villager (Male) |
| 19:59 | Create | Villager (Male) |
| 20:12 | Create | Villager (Male) |
| 20:12 | Create | Villager (Male) |
| 20:13 | Create | Villager (Male) |
| 20:13 | Create | Villager (Male) |
| 20:13 | Create | Villager (Male) |
| 20:25 | Research | Scale Mail Armor |
| 20:35 | Create | Villager (Male) |
| 20:38 | Research | Gold Mining |
| 20:52 | Create | Villager (Male) |
| 20:56 | Create | Villager (Male) |
| 20:56 | Create | Villager (Male) |
| 21:13 | Create | Villager (Male) |
| 21:13 | Create | Villager (Male) |
| 21:35 | Build | Farm |
| 21:37 | Build | Farm |
| 22:03 | Create | Villager (Male) |
| 22:04 | Create | Villager (Male) |
| 22:15 | Research | Stone Mining |
| 22:46 | Build | House |
| 22:53 | Create | Villager (Male) |
| 23:01 | Build | Farm |
| 23:19 | Create | Villager (Male) |
| 23:28 | Create | Villager (Male) |
| 24:07 | Build | Town Center |
| 24:20 | Create | Villager (Male) |
| 24:20 | Create | Villager (Male) |
| 24:20 | Create | Villager (Male) |
| 24:23 | Create | Villager (Male) |
| 24:23 | Create | Villager (Male) |
| 24:24 | Create | Villager (Male) |
| 24:24 | Create | Villager (Male) |
| 24:29 | Build | House |
| 24:34 | Build | House |
| 24:35 | Build | House |
| 24:36 | Build | House |
| 24:37 | Build | House |
| 25:30 | Create | Villager (Male) |
| 25:36 | Research | Hand Cart |
| 25:38 | Create | Villager (Male) |
| 25:38 | Create | Villager (Male) |
| 25:39 | Create | Villager (Male) |
| 25:49 | Create | Villager (Male) |
| 25:50 | Create | Villager (Male) |
| 25:50 | Create | Villager (Male) |
| 25:50 | Create | Villager (Male) |
| 25:50 | Create | Villager (Male) |
| 25:56 | Build | Farm |
| 25:59 | Build | Farm |
| 26:01 | Build | Farm |
| 26:04 | Build | Farm |
| 26:11 | Create | Villager (Male) |
| 26:11 | Create | Villager (Male) |
| 26:11 | Create | Villager (Male) |
| 26:14 | Create | Villager (Male) |
| 26:15 | Create | Villager (Male) |
| 26:15 | Create | Villager (Male) |
| 26:30 | Build | Farm |
| 26:55 | Build | Castle |
| 27:04 | Create | Villager (Male) |
| 27:08 | Create | Villager (Male) |
| 27:08 | Create | Villager (Male) |
| 27:08 | Create | Villager (Male) |
| 27:10 | Create | Villager (Male) |
| 27:10 | Create | Villager (Male) |
| 27:10 | Create | Villager (Male) |
| 27:10 | Create | Villager (Male) |
| 27:13 | Create | Villager (Male) |
Build order — mdg762
First 150 of 445 actions detected
| 0:33 | Build | House |
| 0:34 | Build | House |
| 0:39 | Create | Villager (Male) |
| 0:39 | Create | Villager (Male) |
| 0:39 | Create | Villager (Male) |
| 0:39 | Create | Villager (Male) |
| 0:40 | Create | Villager (Male) |
| 0:40 | Create | Villager (Male) |
| 2:23 | Build | Mill |
| 2:29 | Create | Villager (Male) |
| 2:29 | Create | Villager (Male) |
| 2:29 | Create | Villager (Male) |
| 3:22 | Create | Villager (Male) |
| 3:22 | Create | Villager (Male) |
| 3:22 | Create | Villager (Male) |
| 3:22 | Create | Villager (Male) |
| 4:26 | Create | Villager (Male) |
| 4:26 | Create | Villager (Male) |
| 4:27 | Create | Villager (Male) |
| 4:27 | Create | Villager (Male) |
| 5:36 | Create | Villager (Male) |
| 6:04 | Build | House |
| 8:27 | Build | Lumber Camp |
| 9:08 | Create | Villager (Male) |
| 9:09 | Create | Villager (Male) |
| 11:22 | Research | Feudal Age |
| 11:23 | Create | Villager (Male) |
| 11:23 | Create | Villager (Male) |
| 11:23 | Create | Villager (Male) |
| 11:24 | Create | Villager (Male) |
| 11:24 | Create | Villager (Male) |
| 11:26 | Create | Villager (Male) |
| 12:09 | Create | Villager (Male) |
| 13:32 | Age | Feudal Age |
| 13:41 | Build | Barracks |
| 18:02 | Build | Mining Camp |
| 18:10 | Create | Villager (Male) |
| 18:10 | Create | Villager (Male) |
| 18:11 | Create | Villager (Male) |
| 18:11 | Create | Villager (Male) |
| 18:11 | Create | Villager (Male) |
| 18:11 | Create | Villager (Male) |
| 18:12 | Create | Villager (Male) |
| 18:12 | Create | Villager (Male) |
| 18:34 | Research | Man-at-Arms (upgrade) |
| 18:35 | Create | Militia |
| 18:35 | Create | Militia |
| 18:35 | Create | Militia |
| 18:35 | Create | Militia |
| 20:49 | Build | House |
| 20:50 | Build | House |
| 20:53 | Build | House |
| 21:16 | Research | Gold Mining |
| 21:16 | Research | Gold Mining |
| 21:17 | Research | Stone Mining |
| 21:22 | Create | Villager (Male) |
| 21:22 | Create | Villager (Male) |
| 22:17 | Build | Market |
| 23:06 | Build | Stable |
| 23:14 | Build | Stable |
| 23:29 | Build | Stable |
| 23:44 | Build | Mining Camp |
| 24:54 | Build | Lumber Camp |
| 26:20 | Build | Mining Camp |
| 26:40 | Create | Villager (Male) |
| 26:40 | Create | Villager (Male) |
| 26:41 | Create | Villager (Male) |
| 26:41 | Create | Villager (Male) |
| 26:57 | Build | Farm |
| 27:01 | Build | Farm |
| 27:15 | Build | Farm |
| 27:21 | Build | Farm |
| 27:26 | Build | Farm |
| 27:34 | Build | Farm |
| 27:38 | Build | Farm |
| 27:43 | Build | Farm |
| 27:49 | Build | Farm |
| 27:56 | Build | Farm |
| 28:02 | Build | Farm |
| 28:04 | Research | Horse Collar |
| 28:45 | Build | Stable |
| 29:06 | Build | Farm |
| 29:11 | Build | Farm |
| 29:17 | Research | Double-Bit Axe |
| 30:17 | Create | Villager (Male) |
| 30:17 | Create | Villager (Male) |
| 30:26 | Build | Farm |
| 32:01 | Create | Trade Cart |
| 32:01 | Create | Trade Cart |
| 32:02 | Create | Trade Cart |
| 32:02 | Create | Trade Cart |
| 32:02 | Create | Trade Cart |
| 32:28 | Build | Farm |
| 33:00 | Build | Mining Camp |
| 33:11 | Research | Castle Age |
| 34:05 | Build | Blacksmith |
| 34:36 | Create | Villager (Male) |
| 34:36 | Create | Villager (Male) |
| 34:37 | Create | Villager (Male) |
| 34:37 | Create | Villager (Male) |
| 34:38 | Create | Villager (Male) |
| 34:38 | Create | Villager (Male) |
| 34:39 | Create | Villager (Male) |
| 34:39 | Create | Villager (Male) |
| 34:48 | Create | Militia |
| 34:48 | Create | Militia |
| 34:48 | Create | Militia |
| 34:49 | Create | Militia |
| 34:49 | Create | Militia |
| 34:49 | Create | Militia |
| 34:49 | Create | Militia |
| 35:15 | Build | Mining Camp |
| 35:26 | Create | Villager (Male) |
| 35:27 | Create | Villager (Male) |
| 35:27 | Create | Villager (Male) |
| 35:37 | Create | Trade Cart |
| 35:37 | Create | Trade Cart |
| 35:51 | Age | Castle Age |
| 36:09 | Create | Trade Cart |
| 36:09 | Create | Trade Cart |
| 36:12 | Research | Caravan |
| 36:18 | Create | Villager (Male) |
| 36:18 | Create | Villager (Male) |
| 37:17 | Build | Monastery |
| 37:31 | Research | Bow Saw |
| 37:34 | Create | Villager (Male) |
| 37:44 | Build | House |
| 37:50 | Build | House |
| 38:03 | Build | House |
| 38:05 | Build | House |
| 38:39 | Build | Watch Tower |
| 39:30 | Build | Monastery |
| 39:55 | Create | Monk |
| 40:37 | Build | Town Center |
| 41:41 | Build | Farm |
| 41:47 | Create | Villager (Male) |
| 41:47 | Create | Villager (Male) |
| 41:48 | Create | Villager (Male) |
| 41:48 | Create | Villager (Male) |
| 41:48 | Create | Villager (Male) |
| 41:48 | Create | Villager (Male) |
| 42:35 | Build | University |
| 43:02 | Build | Farm |
| 43:23 | Create | Knight |
| 43:23 | Create | Knight |
| 43:24 | Create | Knight |
| 43:26 | Create | Knight |
| 43:26 | Create | Knight |
| 43:26 | Create | Knight |
| 43:29 | Create | Knight |
Build order — ascfska
First 150 of 466 actions detected
| 0:04 | Build | House |
| 0:10 | Create | Villager (Male) |
| 0:12 | Create | Villager (Male) |
| 0:12 | Create | Villager (Male) |
| 0:12 | Create | Villager (Male) |
| 1:46 | Create | Villager (Male) |
| 2:50 | Build | House |
| 2:51 | Build | House |
| 2:52 | Build | House |
| 2:53 | Build | House |
| 2:59 | Create | Villager (Male) |
| 2:59 | Create | Villager (Male) |
| 5:19 | Create | Villager (Male) |
| 5:20 | Create | Villager (Male) |
| 5:20 | Create | Villager (Male) |
| 5:20 | Create | Villager (Male) |
| 5:56 | Build | Mill |
| 6:29 | Create | Villager (Male) |
| 6:29 | Create | Villager (Male) |
| 7:17 | Build | Lumber Camp |
| 7:49 | Create | Villager (Male) |
| 8:12 | Create | Villager (Male) |
| 8:35 | Build | Mill |
| 9:02 | Create | Villager (Male) |
| 9:05 | Create | Villager (Male) |
| 9:21 | Create | Villager (Male) |
| 9:42 | Build | Mill |
| 10:07 | Create | Villager (Male) |
| 10:39 | Research | Feudal Age |
| 11:06 | Create | Villager (Male) |
| 12:39 | Create | Villager (Male) |
| 12:52 | Age | Feudal Age |
| 12:57 | Create | Villager (Male) |
| 13:29 | Create | Villager (Male) |
| 13:50 | Build | Mining Camp |
| 14:17 | Build | Market |
| 14:29 | Build | Mining Camp |
| 14:36 | Research | Double-Bit Axe |
| 14:48 | Build | House |
| 14:50 | Build | House |
| 14:52 | Build | House |
| 14:52 | Build | House |
| 15:14 | Build | Farm |
| 15:15 | Build | Farm |
| 15:15 | Build | Farm |
| 15:32 | Build | Farm |
| 15:48 | Create | Villager (Male) |
| 15:49 | Create | Villager (Male) |
| 15:54 | Create | Villager (Male) |
| 15:54 | Create | Villager (Male) |
| 16:34 | Create | Villager (Male) |
| 16:46 | Research | Castle Age |
| 16:55 | Create | Trade Cart |
| 18:02 | Build | Farm |
| 19:43 | Age | Castle Age |
| 19:46 | Build | Town Center |
| 20:24 | Build | Mining Camp |
| 20:49 | Create | Villager (Male) |
| 20:49 | Create | Villager (Male) |
| 20:49 | Create | Villager (Male) |
| 20:50 | Create | Villager (Male) |
| 20:50 | Create | Villager (Male) |
| 20:51 | Create | Villager (Male) |
| 21:15 | Build | Town Center |
| 21:19 | Create | Villager (Male) |
| 21:19 | Create | Villager (Male) |
| 21:19 | Create | Villager (Male) |
| 21:48 | Build | Mining Camp |
| 21:51 | Create | Villager (Male) |
| 21:51 | Create | Villager (Male) |
| 21:51 | Create | Villager (Male) |
| 21:52 | Create | Villager (Male) |
| 21:52 | Create | Villager (Male) |
| 22:00 | Create | Villager (Male) |
| 22:00 | Create | Villager (Male) |
| 22:15 | Build | Monastery |
| 22:36 | Build | Castle |
| 22:45 | Create | Trade Cart |
| 22:48 | Create | Trade Cart |
| 22:50 | Create | Trade Cart |
| 22:56 | Create | Villager (Male) |
| 23:03 | Create | Villager (Male) |
| 23:14 | Create | Monk |
| 23:23 | Research | Bow Saw |
| 23:51 | Create | Villager (Male) |
| 23:53 | Create | Villager (Male) |
| 24:03 | Build | Farm |
| 24:43 | Build | Farm |
| 25:06 | Create | Villager (Male) |
| 25:11 | Research | Wheelbarrow |
| 25:32 | Build | Farm |
| 25:41 | Create | Villager (Male) |
| 26:05 | Create | Villager (Male) |
| 26:20 | Build | Farm |
| 26:24 | Create | Villager (Male) |
| 26:43 | Build | Farm |
| 26:53 | Create | Villager (Male) |
| 27:00 | Create | Villager (Male) |
| 27:24 | Build | Farm |
| 27:26 | Create | Villager (Male) |
| 27:31 | Create | Villager (Male) |
| 27:33 | Create | Villager (Male) |
| 27:39 | Create | Trade Cart |
| 27:41 | Create | Trade Cart |
| 27:47 | Create | Villager (Male) |
| 27:56 | Build | Farm |
| 28:22 | Build | Farm |
| 28:32 | Build | Farm |
| 28:43 | Create | Villager (Male) |
| 28:46 | Create | Villager (Male) |
| 28:49 | Create | Villager (Male) |
| 29:11 | Build | Castle |
| 29:22 | Build | Mill |
| 29:40 | Create | Villager (Male) |
| 29:42 | Create | Villager (Male) |
| 29:44 | Create | Villager (Male) |
| 29:51 | Create | Villager (Male) |
| 29:53 | Create | Villager (Male) |
| 29:56 | Research | Gold Mining |
| 29:59 | Create | Villager (Male) |
| 30:14 | Build | Farm |
| 30:17 | Create | Villager (Male) |
| 30:18 | Create | Villager (Male) |
| 30:20 | Create | Villager (Male) |
| 30:51 | Build | Mining Camp |
| 31:08 | Build | Farm |
| 31:12 | Create | Villager (Male) |
| 31:14 | Research | Hand Cart |
| 31:16 | Create | Villager (Male) |
| 31:37 | Build | Mining Camp |
| 31:43 | Create | Trade Cart |
| 31:53 | Create | Villager (Male) |
| 31:57 | Create | Villager (Male) |
| 32:00 | Create | Villager (Male) |
| 32:23 | Build | Farm |
| 32:23 | Build | Farm |
| 32:33 | Build | Farm |
| 32:51 | Build | Farm |
| 33:02 | Build | Lumber Camp |
| 33:04 | Build | Lumber Camp |
| 33:12 | Create | Villager (Male) |
| 33:15 | Create | Villager (Male) |
| 33:17 | Create | Villager (Male) |
| 33:20 | Create | Villager (Male) |
| 33:24 | Create | Villager (Male) |
| 33:27 | Create | Villager (Male) |
| 33:54 | Build | Mining Camp |
| 34:24 | Build | Stable |
| 34:26 | Build | Stable |
| 34:28 | Build | Stable |
Build order — Arcanine1220
First 150 of 924 actions detected
| 0:05 | Research | Loom |
| 0:06 | Create | Villager (Male) |
| 0:06 | Create | Villager (Male) |
| 0:06 | Create | Villager (Male) |
| 0:19 | Build | House |
| 0:19 | Build | House |
| 1:06 | Build | Palisade Wall |
| 1:13 | Create | Villager (Male) |
| 1:13 | Create | Villager (Male) |
| 1:52 | Build | Palisade Wall |
| 2:41 | Create | Villager (Male) |
| 2:41 | Create | Villager (Male) |
| 3:21 | Create | Villager (Male) |
| 3:21 | Create | Villager (Male) |
| 3:38 | Create | Villager (Male) |
| 4:17 | Build | Palisade Wall |
| 4:20 | Create | Villager (Male) |
| 4:20 | Create | Villager (Male) |
| 4:21 | Create | Villager (Male) |
| 4:53 | Build | House |
| 4:54 | Build | House |
| 4:55 | Build | House |
| 5:01 | Create | Villager (Male) |
| 5:01 | Create | Villager (Male) |
| 5:19 | Create | Villager (Male) |
| 5:19 | Create | Villager (Male) |
| 5:42 | Create | Villager (Male) |
| 6:02 | Create | Villager (Male) |
| 6:02 | Create | Villager (Male) |
| 6:31 | Create | Villager (Male) |
| 6:31 | Create | Villager (Male) |
| 7:23 | Create | Villager (Male) |
| 7:23 | Create | Villager (Male) |
| 7:43 | Create | Villager (Male) |
| 7:43 | Create | Villager (Male) |
| 7:43 | Create | Villager (Male) |
| 7:44 | Create | Villager (Male) |
| 8:05 | Build | Lumber Camp |
| 8:36 | Create | Villager (Male) |
| 8:45 | Build | House |
| 8:46 | Build | House |
| 9:51 | Build | Mill |
| 9:57 | Create | Villager (Male) |
| 9:57 | Create | Villager (Male) |
| 10:46 | Build | Mining Camp |
| 10:53 | Create | Villager (Male) |
| 10:54 | Create | Villager (Male) |
| 11:46 | Research | Feudal Age |
| 12:25 | Build | Lumber Camp |
| 13:33 | Create | Villager (Male) |
| 13:33 | Create | Villager (Male) |
| 13:50 | Build | Mining Camp |
| 14:05 | Create | Villager (Male) |
| 14:06 | Research | Wheelbarrow |
| 14:24 | Build | Stone Wall |
| 14:52 | Build | Market |
| 14:56 | Create | Villager (Male) |
| 15:05 | Build | Blacksmith |
| 15:08 | Create | Villager (Male) |
| 15:30 | Build | House |
| 15:30 | Build | House |
| 15:31 | Build | House |
| 15:31 | Build | House |
| 15:40 | Build | Farm |
| 15:54 | Build | Market |
| 16:15 | Build | Mill |
| 16:24 | Build | Farm |
| 16:28 | Create | Villager (Male) |
| 16:45 | Build | Stone Wall |
| 16:52 | Build | Farm |
| 16:54 | Create | Villager (Male) |
| 16:55 | Create | Villager (Male) |
| 17:06 | Build | Lumber Camp |
| 17:20 | Create | Villager (Male) |
| 17:29 | Build | Farm |
| 17:42 | Build | Farm |
| 17:47 | Build | Farm |
| 17:50 | Create | Villager (Male) |
| 18:23 | Build | Farm |
| 18:30 | Build | Farm |
| 18:32 | Create | Villager (Male) |
| 18:33 | Create | Villager (Male) |
| 18:46 | Research | Gold Mining |
| 18:54 | Create | Villager (Male) |
| 19:33 | Build | Farm |
| 19:34 | Build | Farm |
| 19:37 | Create | Villager (Male) |
| 19:55 | Research | Castle Age |
| 20:14 | Create | Trade Cart |
| 20:14 | Create | Trade Cart |
| 20:14 | Create | Trade Cart |
| 20:15 | Create | Trade Cart |
| 20:19 | Create | Trade Cart |
| 20:19 | Create | Trade Cart |
| 20:39 | Build | Farm |
| 20:41 | Build | Farm |
| 20:57 | Build | Stone Wall |
| 21:02 | Create | Villager (Male) |
| 21:02 | Create | Villager (Male) |
| 21:19 | Create | Trade Cart |
| 21:19 | Create | Trade Cart |
| 21:23 | Research | Gold Mining |
| 21:36 | Research | Horse Collar |
| 21:42 | Research | Double-Bit Axe |
| 22:06 | Create | Trade Cart |
| 22:06 | Create | Trade Cart |
| 22:07 | Create | Trade Cart |
| 22:16 | Build | House |
| 22:16 | Build | House |
| 22:16 | Build | House |
| 22:17 | Build | House |
| 22:36 | Build | Mining Camp |
| 22:56 | Research | Stone Mining |
| 23:10 | Research | Hand Cart |
| 23:30 | Build | Town Center |
| 23:34 | Research | Bow Saw |
| 23:37 | Research | Stone Shaft Mining |
| 23:45 | Build | Farm |
| 23:59 | Build | Farm |
| 24:07 | Build | Farm |
| 24:47 | Create | Villager (Male) |
| 24:47 | Create | Villager (Male) |
| 24:48 | Create | Villager (Male) |
| 24:48 | Create | Villager (Male) |
| 24:48 | Create | Villager (Male) |
| 24:48 | Create | Villager (Male) |
| 24:49 | Create | Villager (Male) |
| 25:05 | Build | Monastery |
| 25:06 | Build | Monastery |
| 25:06 | Build | Monastery |
| 25:07 | Build | Monastery |
| 25:07 | Build | Monastery |
| 25:23 | Build | Stone Wall |
| 25:30 | Create | Villager (Male) |
| 25:30 | Create | Villager (Male) |
| 25:30 | Create | Villager (Male) |
| 25:31 | Create | Villager (Male) |
| 25:42 | Create | Villager (Male) |
| 25:43 | Create | Villager (Male) |
| 25:43 | Create | Villager (Male) |
| 25:54 | Research | Caravan |
| 25:57 | Create | Trade Cart |
| 25:57 | Create | Trade Cart |
| 25:58 | Create | Trade Cart |
| 26:09 | Research | Heavy Plow |
| 26:17 | Build | Farm |
| 26:26 | Create | Villager (Male) |
| 26:47 | Create | Monk |
| 26:47 | Create | Monk |
| 26:50 | Create | Monk |
Build order — xXx
First 150 of 625 actions detected
| 0:24 | Research | Loom |
| 0:33 | Build | House |
| 0:36 | Create | Villager (Male) |
| 0:36 | Create | Villager (Male) |
| 0:36 | Create | Villager (Male) |
| 0:36 | Create | Villager (Male) |
| 0:36 | Create | Villager (Male) |
| 0:48 | Build | Palisade Wall |
| 1:36 | Build | House |
| 1:40 | Build | House |
| 2:14 | Build | House |
| 2:44 | Build | House |
| 2:55 | Create | Villager (Male) |
| 2:55 | Create | Villager (Male) |
| 2:56 | Create | Villager (Male) |
| 3:11 | Build | House |
| 5:20 | Create | Villager (Male) |
| 5:20 | Create | Villager (Male) |
| 5:20 | Create | Villager (Male) |
| 5:20 | Create | Villager (Male) |
| 5:20 | Create | Villager (Male) |
| 5:51 | Create | Villager (Male) |
| 5:51 | Create | Villager (Male) |
| 6:49 | Create | Villager (Male) |
| 6:49 | Create | Villager (Male) |
| 6:50 | Create | Villager (Male) |
| 6:50 | Create | Villager (Male) |
| 7:07 | Build | Mill |
| 9:38 | Create | Villager (Male) |
| 9:38 | Create | Villager (Male) |
| 9:38 | Create | Villager (Male) |
| 9:48 | Create | Villager (Male) |
| 9:48 | Create | Villager (Male) |
| 9:48 | Create | Villager (Male) |
| 10:05 | Build | Lumber Camp |
| 12:02 | Research | Feudal Age |
| 12:17 | Build | Barracks |
| 12:35 | Build | Mining Camp |
| 14:18 | Age | Feudal Age |
| 14:23 | Build | Watch Tower |
| 14:29 | Create | Villager (Male) |
| 14:29 | Create | Villager (Male) |
| 14:29 | Create | Villager (Male) |
| 14:32 | Research | Horse Collar |
| 14:33 | Research | Gold Mining |
| 14:36 | Research | Double-Bit Axe |
| 15:20 | Build | Farm |
| 15:24 | Build | Farm |
| 15:29 | Build | Farm |
| 15:34 | Build | Farm |
| 15:41 | Build | Farm |
| 16:16 | Build | Stone Wall |
| 16:24 | Build | Mining Camp |
| 16:26 | Create | Villager (Male) |
| 16:26 | Create | Villager (Male) |
| 16:27 | Create | Villager (Male) |
| 16:27 | Create | Villager (Male) |
| 16:54 | Build | Stone Wall |
| 17:18 | Research | Stone Mining |
| 17:24 | Build | Farm |
| 17:48 | Build | Market |
| 17:57 | Create | Villager (Male) |
| 17:57 | Create | Villager (Male) |
| 17:57 | Create | Villager (Male) |
| 18:12 | Build | Farm |
| 18:20 | Build | Farm |
| 18:28 | Create | Villager (Male) |
| 18:36 | Build | Farm |
| 18:53 | Build | Farm |
| 19:01 | Build | Farm |
| 19:05 | Build | Blacksmith |
| 19:08 | Create | Trade Cart |
| 19:48 | Build | Farm |
| 20:03 | Build | House |
| 20:08 | Build | House |
| 20:12 | Build | House |
| 20:28 | Create | Villager (Male) |
| 20:28 | Create | Villager (Male) |
| 20:32 | Build | Farm |
| 20:56 | Build | Farm |
| 21:01 | Create | Villager (Male) |
| 21:27 | Build | Farm |
| 21:34 | Create | Villager (Male) |
| 21:42 | Create | Trade Cart |
| 21:48 | Build | Farm |
| 22:09 | Research | Castle Age |
| 22:14 | Build | Farm |
| 22:25 | Build | Farm |
| 22:36 | Create | Trade Cart |
| 23:18 | Build | Lumber Camp |
| 24:16 | Research | Forging |
| 24:17 | Research | Scale Barding Armor |
| 24:17 | Research | Scale Mail Armor |
| 24:49 | Age | Castle Age |
| 24:57 | Research | Bow Saw |
| 25:01 | Research | Heavy Plow |
| 25:06 | Create | Villager (Male) |
| 25:06 | Create | Villager (Male) |
| 25:06 | Create | Villager (Male) |
| 25:06 | Create | Villager (Male) |
| 25:06 | Create | Villager (Male) |
| 25:22 | Create | Trade Cart |
| 25:22 | Create | Trade Cart |
| 25:43 | Build | House |
| 25:47 | Build | House |
| 25:59 | Research | Iron Casting |
| 26:00 | Research | Chain Barding Armor |
| 26:07 | Build | Farm |
| 26:17 | Build | Town Center |
| 26:31 | Build | Farm |
| 27:01 | Build | Farm |
| 27:07 | Create | Villager (Male) |
| 27:07 | Create | Villager (Male) |
| 27:19 | Build | Monastery |
| 27:29 | Build | Stable |
| 28:07 | Build | Farm |
| 28:13 | Build | Siege Workshop |
| 28:24 | Create | Villager (Male) |
| 28:24 | Create | Villager (Male) |
| 28:25 | Create | Villager (Male) |
| 28:25 | Create | Villager (Male) |
| 28:25 | Create | Villager (Male) |
| 28:35 | Build | Farm |
| 28:41 | Create | Monk |
| 28:57 | Research | Chain Mail Armor |
| 29:02 | Research | Squires |
| 29:02 | Research | Pikeman (upgrade) |
| 29:24 | Create | Villager (Male) |
| 29:24 | Create | Villager (Male) |
| 29:24 | Create | Villager (Male) |
| 29:24 | Create | Villager (Male) |
| 29:41 | Build | Lumber Camp |
| 30:40 | Create | Villager (Male) |
| 30:40 | Create | Villager (Male) |
| 30:41 | Create | Villager (Male) |
| 30:46 | Create | Villager (Male) |
| 30:46 | Create | Villager (Male) |
| 30:46 | Create | Villager (Male) |
| 31:01 | Build | University |
| 31:12 | Create | Villager (Male) |
| 31:12 | Create | Villager (Male) |
| 31:17 | Build | Mining Camp |
| 31:22 | Research | Caravan |
| 31:24 | Create | Trade Cart |
| 31:25 | Create | Trade Cart |
| 32:15 | Research | Ballistics |
| 32:37 | Create | Villager (Male) |
| 32:37 | Create | Villager (Male) |
| 32:38 | Create | Villager (Male) |
| 32:38 | Create | Villager (Male) |
Build order — DolphinPizza
First 150 of 939 actions detected
| 0:03 | Build | House |
| 0:06 | Build | House |
| 1:00 | Create | Villager (Male) |
| 1:00 | Create | Villager (Male) |
| 1:01 | Create | Villager (Male) |
| 1:01 | Create | Villager (Male) |
| 1:01 | Create | Villager (Male) |
| 1:38 | Create | Villager (Male) |
| 1:38 | Create | Villager (Male) |
| 2:29 | Create | Villager (Male) |
| 2:29 | Create | Villager (Male) |
| 3:18 | Create | Villager (Male) |
| 3:18 | Create | Villager (Male) |
| 3:40 | Create | Villager (Male) |
| 4:25 | Create | Villager (Male) |
| 5:32 | Build | Lumber Camp |
| 5:42 | Create | Villager (Male) |
| 5:43 | Create | Villager (Male) |
| 6:03 | Create | Villager (Male) |
| 6:03 | Create | Villager (Male) |
| 6:03 | Create | Villager (Male) |
| 6:04 | Create | Villager (Male) |
| 6:13 | Build | House |
| 6:13 | Build | House |
| 6:13 | Build | House |
| 6:14 | Build | House |
| 6:44 | Build | Mill |
| 8:10 | Create | Villager (Male) |
| 9:05 | Create | Villager (Male) |
| 9:05 | Create | Villager (Male) |
| 9:05 | Create | Villager (Male) |
| 9:14 | Build | House |
| 9:16 | Build | House |
| 9:17 | Build | House |
| 10:03 | Create | Villager (Male) |
| 10:13 | Build | Mining Camp |
| 11:25 | Build | Barracks |
| 11:27 | Build | Barracks |
| 11:27 | Build | Barracks |
| 11:44 | Create | Villager (Male) |
| 12:14 | Research | Feudal Age |
| 12:18 | Build | Farm |
| 12:20 | Build | Farm |
| 12:20 | Build | Farm |
| 12:21 | Build | Farm |
| 12:21 | Build | Farm |
| 12:21 | Build | Farm |
| 12:21 | Build | Farm |
| 12:33 | Build | Farm |
| 12:37 | Build | Farm |
| 13:09 | Research | Horse Collar |
| 13:17 | Build | Farm |
| 13:23 | Build | Farm |
| 13:57 | Research | Double-Bit Axe |
| 13:57 | Research | Double-Bit Axe |
| 14:01 | Research | Gold Mining |
| 14:24 | Age | Feudal Age |
| 14:25 | Build | Lumber Camp |
| 14:27 | Create | Villager (Male) |
| 14:27 | Create | Villager (Male) |
| 14:57 | Create | Villager (Male) |
| 14:57 | Create | Villager (Male) |
| 14:58 | Create | Villager (Male) |
| 15:19 | Build | Farm |
| 15:22 | Build | Farm |
| 15:46 | Create | Villager (Male) |
| 15:49 | Create | Villager (Male) |
| 15:49 | Create | Villager (Male) |
| 15:50 | Create | Villager (Male) |
| 15:56 | Create | Villager (Male) |
| 16:35 | Build | Farm |
| 17:15 | Research | Bow Saw |
| 17:21 | Research | Heavy Plow |
| 17:22 | Research | Heavy Plow |
| 17:25 | Build | Farm |
| 17:36 | Build | Stable |
| 17:51 | Build | Farm |
| 17:55 | Create | Villager (Male) |
| 17:57 | Create | Villager (Male) |
| 17:57 | Create | Villager (Male) |
| 17:58 | Create | Villager (Male) |
| 17:58 | Create | Villager (Male) |
| 17:58 | Create | Villager (Male) |
| 18:28 | Build | Stable |
| 19:11 | Build | Farm |
| 19:32 | Build | Farm |
| 19:57 | Build | Farm |
| 20:09 | Build | Stable |
| 20:21 | Build | Farm |
| 20:32 | Build | House |
| 20:33 | Build | House |
| 20:35 | Build | House |
| 20:36 | Build | House |
| 20:37 | Build | House |
| 20:38 | Build | House |
| 20:51 | Create | Villager (Male) |
| 21:10 | Build | Stable |
| 21:21 | Build | Farm |
| 21:55 | Build | Market |
| 21:57 | Build | Blacksmith |
| 24:19 | Research | Castle Age |
| 24:29 | Research | Scale Barding Armor |
| 24:31 | Research | Forging |
| 24:44 | Build | House |
| 24:53 | Build | Market |
| 24:56 | Build | Market |
| 24:57 | Build | Market |
| 25:01 | Create | Trade Cart |
| 25:01 | Create | Trade Cart |
| 25:01 | Create | Trade Cart |
| 25:01 | Create | Trade Cart |
| 25:02 | Create | Trade Cart |
| 25:42 | Research | Scale Mail Armor |
| 26:28 | Research | Loom |
| 26:47 | Create | Trade Cart |
| 26:47 | Create | Trade Cart |
| 26:48 | Create | Trade Cart |
| 26:48 | Create | Trade Cart |
| 26:48 | Create | Trade Cart |
| 26:59 | Age | Castle Age |
| 27:14 | Build | Town Center |
| 27:30 | Research | Cavalier (upgrade) |
| 27:30 | Create | Knight |
| 27:30 | Create | Knight |
| 27:31 | Create | Knight |
| 27:31 | Create | Knight |
| 27:31 | Create | Knight |
| 27:40 | Research | Husbandry |
| 27:50 | Build | University |
| 27:57 | Create | Villager (Male) |
| 27:57 | Create | Villager (Male) |
| 27:57 | Create | Villager (Male) |
| 27:57 | Create | Villager (Male) |
| 27:58 | Create | Villager (Male) |
| 27:58 | Create | Villager (Male) |
| 27:58 | Create | Villager (Male) |
| 27:59 | Create | Villager (Male) |
| 27:59 | Create | Villager (Male) |
| 27:59 | Create | Villager (Male) |
| 28:25 | Build | Mining Camp |
| 28:29 | Create | Villager (Male) |
| 28:30 | Create | Villager (Male) |
| 28:30 | Create | Villager (Male) |
| 28:30 | Create | Villager (Male) |
| 28:43 | Create | Knight |
| 28:43 | Create | Knight |
| 28:43 | Create | Knight |
| 28:54 | Create | Villager (Male) |
| 28:54 | Create | Villager (Male) |
| 28:55 | Create | Villager (Male) |
Build order — 4Neww
First 150 of 437 actions detected
| 0:56 | Build | Palisade Wall |
| 1:32 | Build | House |
| 1:33 | Build | House |
| 1:35 | Build | House |
| 2:19 | Build | Palisade Wall |
| 2:59 | Create | Villager (Male) |
| 3:00 | Create | Villager (Male) |
| 3:00 | Create | Villager (Male) |
| 3:00 | Create | Villager (Male) |
| 3:00 | Create | Villager (Male) |
| 4:55 | Create | Villager (Male) |
| 4:56 | Create | Villager (Male) |
| 5:18 | Create | Villager (Male) |
| 5:18 | Create | Villager (Male) |
| 5:47 | Create | Villager (Male) |
| 5:47 | Create | Villager (Male) |
| 6:13 | Build | Mill |
| 6:24 | Create | Villager (Male) |
| 6:24 | Create | Villager (Male) |
| 6:25 | Create | Villager (Male) |
| 7:04 | Create | Villager (Male) |
| 7:04 | Create | Villager (Male) |
| 7:05 | Create | Villager (Male) |
| 7:05 | Create | Villager (Male) |
| 7:39 | Create | Villager (Male) |
| 7:39 | Create | Villager (Male) |
| 7:39 | Create | Villager (Male) |
| 7:56 | Create | Villager (Male) |
| 9:06 | Create | Villager (Male) |
| 9:07 | Create | Villager (Male) |
| 10:03 | Build | House |
| 10:04 | Build | House |
| 10:05 | Build | House |
| 10:32 | Build | Lumber Camp |
| 10:38 | Create | Villager (Male) |
| 10:38 | Create | Villager (Male) |
| 11:31 | Research | Feudal Age |
| 11:51 | Build | Mining Camp |
| 12:09 | Create | Villager (Male) |
| 12:09 | Create | Villager (Male) |
| 12:09 | Create | Villager (Male) |
| 12:10 | Create | Villager (Male) |
| 12:10 | Create | Villager (Male) |
| 12:32 | Create | Villager (Male) |
| 12:32 | Create | Villager (Male) |
| 12:51 | Build | Mining Camp |
| 13:18 | Create | Villager (Male) ×2 |
| 13:18 | Create | Villager (Male) ×2 |
| 13:35 | Age | Feudal Age |
| 14:26 | Build | Blacksmith |
| 14:39 | Build | Market |
| 15:28 | Build | Farm |
| 15:29 | Build | Farm |
| 15:32 | Build | Farm |
| 15:33 | Build | Farm |
| 15:35 | Build | Farm |
| 15:36 | Build | Farm |
| 15:56 | Build | Farm |
| 16:17 | Create | Villager (Male) ×5 |
| 16:20 | Create | Villager (Male) ×3 |
| 16:42 | Build | Lumber Camp |
| 17:27 | Build | Lumber Camp |
| 17:46 | Build | House |
| 17:48 | Build | House |
| 17:50 | Build | House |
| 17:54 | Build | House |
| 17:56 | Build | House |
| 18:43 | Create | Villager (Male) ×5 |
| 18:43 | Create | Villager (Male) ×5 |
| 18:43 | Create | Villager (Male) ×2 |
| 19:03 | Build | Farm |
| 19:04 | Build | Farm |
| 19:05 | Build | Farm |
| 19:08 | Build | Farm |
| 19:10 | Build | Farm |
| 19:12 | Build | Farm |
| 19:16 | Build | Farm |
| 20:00 | Build | Farm |
| 20:40 | Build | Barracks |
| 21:09 | Build | Stone Wall |
| 21:39 | Build | Farm |
| 22:09 | Build | Stone Wall |
| 23:13 | Research | Castle Age |
| 23:16 | Create | Villager (Male) ×4 |
| 23:16 | Create | Villager (Male) ×4 |
| 24:19 | Build | Stone Wall |
| 24:27 | Build | Archery Range |
| 24:38 | Build | Stable |
| 24:41 | Build | Stable |
| 24:44 | Build | Stable |
| 24:48 | Build | Stable |
| 25:38 | Age | Castle Age |
| 25:48 | Build | Town Center |
| 26:00 | Build | Town Center |
| 26:33 | Create | Villager (Male) |
| 26:35 | Create | Villager (Male) ×5 |
| 26:42 | Create | Villager (Male) ×5 |
| 26:44 | Create | Villager (Male) ×5 |
| 27:04 | Create | Villager (Male) ×5 |
| 27:05 | Create | Villager (Male) ×5 |
| 28:01 | Create | Villager (Male) ×4 |
| 28:05 | Create | Villager (Male) |
| 28:35 | Create | Trade Cart ×5 |
| 28:36 | Create | Trade Cart ×5 |
| 28:36 | Create | Trade Cart ×5 |
| 28:52 | Create | Villager (Male) ×4 |
| 29:46 | Build | Mining Camp |
| 29:54 | Create | Villager (Male) ×5 |
| 30:24 | Build | Farm |
| 30:25 | Build | Farm |
| 30:28 | Build | Farm |
| 30:30 | Build | Farm |
| 30:32 | Build | Farm |
| 30:34 | Build | Farm |
| 30:36 | Build | Farm |
| 30:38 | Build | Farm |
| 30:41 | Build | Farm |
| 30:44 | Build | Farm |
| 30:47 | Build | Farm |
| 30:49 | Build | Farm |
| 30:50 | Build | Farm |
| 30:52 | Build | Farm |
| 30:53 | Build | Farm |
| 31:29 | Build | Castle |
| 31:38 | Research | Husbandry |
| 31:38 | Research | Bloodlines |
| 31:39 | Research | Light Cavalry (upgrade) |
| 31:49 | Create | Villager (Male) ×2 |
| 32:07 | Create | Villager (Male) ×3 |
| 32:07 | Create | Villager (Male) ×3 |
| 32:15 | Create | Villager (Male) |
| 32:18 | Create | Villager (Male) ×2 |
| 32:36 | Build | Farm |
| 32:37 | Build | Farm |
| 32:39 | Build | Farm |
| 32:41 | Build | Farm |
| 32:43 | Build | Farm |
| 32:44 | Build | Farm |
| 32:46 | Build | Farm |
| 32:48 | Build | Farm |
| 33:30 | Create | Villager (Male) ×5 |
| 33:37 | Create | Villager (Male) ×5 |
| 33:40 | Create | Villager (Male) ×3 |
| 34:09 | Build | Farm |
| 34:27 | Build | House |
| 34:28 | Build | House |
| 34:30 | Build | House |
| 34:31 | Build | House |
| 34:33 | Build | House |
| 34:34 | Build | House |
Build order — 愛 (Touhou Project's Version)
First 150 of 234 actions detected
| 0:11 | Research | Loom |
| 0:12 | Create | Villager (Male) ×4 |
| 0:13 | Create | Villager (Male) ×4 |
| 0:17 | Build | House |
| 0:19 | Build | House |
| 0:21 | Build | House |
| 0:22 | Build | House |
| 2:51 | Create | Villager (Male) |
| 2:51 | Create | Villager (Male) |
| 2:51 | Create | Villager (Male) |
| 2:52 | Create | Villager (Male) |
| 3:11 | Create | Villager (Male) |
| 3:12 | Create | Villager (Male) |
| 4:17 | Build | Building 796 |
| 4:24 | Build | Palisade Wall |
| 4:26 | Build | Palisade Wall |
| 4:59 | Create | Villager (Male) |
| 4:59 | Create | Villager (Male) |
| 4:59 | Create | Villager (Male) |
| 5:11 | Create | Villager (Male) |
| 5:11 | Create | Villager (Male) |
| 6:06 | Build | Lumber Camp |
| 6:08 | Create | Villager (Male) |
| 6:09 | Create | Villager (Male) |
| 6:09 | Create | Villager (Male) |
| 7:11 | Create | Villager (Male) |
| 7:11 | Create | Villager (Male) |
| 7:12 | Create | Villager (Male) |
| 9:08 | Build | Mining Camp |
| 9:26 | Create | Villager (Male) |
| 9:27 | Create | Villager (Male) |
| 9:27 | Create | Villager (Male) |
| 9:36 | Build | House |
| 9:37 | Build | House |
| 9:38 | Build | House |
| 9:48 | Create | Villager (Male) |
| 10:48 | Build | Mining Camp |
| 12:46 | Research | Feudal Age |
| 12:51 | Build | Mill |
| 14:23 | Build | Building 804 |
| 14:28 | Build | Palisade Wall |
| 14:29 | Build | Palisade Wall |
| 14:32 | Create | Villager (Male) ×2 |
| 14:32 | Create | Villager (Male) ×2 |
| 14:55 | Age | Feudal Age |
| 15:50 | Build | Farm |
| 16:02 | Create | Villager (Male) |
| 16:02 | Create | Villager (Male) |
| 16:02 | Create | Villager (Male) |
| 16:02 | Create | Villager (Male) |
| 16:03 | Create | Villager (Male) |
| 16:03 | Create | Villager (Male) |
| 16:08 | Build | Farm |
| 16:25 | Create | Villager (Male) |
| 16:26 | Create | Villager (Male) |
| 17:28 | Research | Stone Mining |
| 17:34 | Research | Gold Mining |
| 17:36 | Create | Villager (Male) |
| 17:37 | Create | Villager (Male) |
| 17:44 | Build | Farm |
| 17:45 | Build | Farm |
| 17:45 | Build | Farm |
| 17:46 | Build | Farm |
| 17:47 | Build | Farm |
| 17:47 | Build | Farm |
| 17:48 | Build | Farm |
| 17:49 | Build | Farm |
| 17:50 | Build | Farm |
| 17:50 | Build | Farm |
| 18:08 | Create | Villager (Male) |
| 18:08 | Create | Villager (Male) |
| 18:17 | Build | Blacksmith |
| 18:23 | Build | Market |
| 18:25 | Build | Market |
| 18:27 | Create | Villager (Male) |
| 18:28 | Create | Villager (Male) ×2 |
| 18:53 | Create | Villager (Male) |
| 18:53 | Create | Villager (Male) |
| 19:05 | Build | Barracks |
| 19:19 | Build | Barracks |
| 19:54 | Build | Farm |
| 19:55 | Build | Farm |
| 19:59 | Research | Horse Collar |
| 20:01 | Research | Double-Bit Axe |
| 20:22 | Create | Villager (Male) |
| 20:22 | Create | Villager (Male) |
| 20:22 | Create | Villager (Male) |
| 20:23 | Create | Villager (Male) |
| 20:35 | Create | Villager (Male) |
| 20:35 | Create | Villager (Male) |
| 20:45 | Build | House |
| 20:47 | Build | House |
| 20:49 | Build | House |
| 20:50 | Build | House |
| 20:50 | Build | House |
| 20:51 | Build | House |
| 20:52 | Build | House |
| 20:53 | Build | House |
| 20:53 | Build | House |
| 20:57 | Create | Villager (Male) ×2 |
| 21:21 | Create | Villager (Male) |
| 21:22 | Create | Villager (Male) |
| 21:38 | Create | Villager (Male) |
| 21:40 | Create | Villager (Male) |
| 22:18 | Build | Stable |
| 22:22 | Build | Archery Range |
| 22:23 | Build | Archery Range |
| 23:37 | Build | Farm |
| 23:53 | Research | Wheelbarrow |
| 24:16 | Build | Archery Range |
| 24:18 | Build | Archery Range |
| 24:21 | Build | Archery Range |
| 25:06 | Create | Trade Cart |
| 25:07 | Create | Trade Cart |
| 25:09 | Research | Castle Age |
| 25:19 | Build | Building 673 |
| 25:27 | Build | Stone Wall |
| 25:32 | Build | Stone Wall |
| 25:35 | Create | Villager (Male) ×2 |
| 25:51 | Create | Trade Cart |
| 25:51 | Create | Trade Cart |
| 25:52 | Create | Trade Cart |
| 25:52 | Create | Trade Cart |
| 25:52 | Create | Trade Cart |
| 25:52 | Create | Trade Cart |
| 25:56 | Create | Villager (Male) |
| 25:56 | Create | Villager (Male) |
| 26:11 | Create | Villager (Male) ×2 |
| 26:43 | Build | Archery Range |
| 26:49 | Create | Villager (Male) ×4 |
| 27:52 | Age | Castle Age |
| 28:00 | Build | Castle |
| 28:03 | Research | Gold Shaft Mining |
| 28:11 | Build | Archery Range |
| 28:13 | Build | Archery Range |
| 28:16 | Research | Crossbowman (upgrade) |
| 28:24 | Build | Farm |
| 28:26 | Research | Heavy Plow |
| 28:51 | Build | Town Center |
| 28:58 | Create | Villager (Male) ×5 |
| 29:17 | Build | Farm |
| 29:21 | Build | Farm |
| 29:38 | Build | Farm |
| 29:48 | Create | Villager (Male) |
| 29:49 | Create | Villager (Male) ×4 |
| 29:49 | Create | Villager (Male) ×4 |
| 29:49 | Create | Villager (Male) ×3 |
| 30:42 | Build | Farm |
| 30:58 | Build | Lumber Camp |
| 31:07 | Build | Farm |
Match timeline
| 0:48 | xXx · wall_segment Palisade Wall x7 |
| 0:56 | 4Neww · wall_segment Palisade Wall x11 |
| 1:06 | Arcanine1220 · wall_segment Palisade Wall x16 |
| 1:52 | Arcanine1220 · wall_segment Palisade Wall x16 |
| 2:19 | 4Neww · wall_segment Palisade Wall x16 |
| 3:26 | Patheris · wall_segment Palisade Wall x10 |
| 4:17 | Arcanine1220 · wall_segment Palisade Wall x12 |
| 4:24 | 愛 (Touhou Project's Version) · wall_segment Palisade Wall x6 |
| 4:26 | 愛 (Touhou Project's Version) · wall_segment Palisade Wall x6 |
| 11:25 | DolphinPizza · first_building Barracks |
| 12:17 | xXx · first_building Barracks |
| 12:52 | ascfska · age_up feudal |
| 13:32 | mdg762 · age_up feudal |
| 13:35 | 4Neww · age_up feudal |
| 13:41 | mdg762 · first_building Barracks |
| 14:18 | xXx · age_up feudal |
| 14:24 | DolphinPizza · age_up feudal |
| 14:24 | Arcanine1220 · wall_segment Stone Wall x14 |
| 14:28 | 愛 (Touhou Project's Version) · wall_segment Palisade Wall x5 |
| 14:29 | 愛 (Touhou Project's Version) · wall_segment Palisade Wall x4 |
| 14:51 | Patheris · age_up feudal |
| 14:55 | 愛 (Touhou Project's Version) · age_up feudal |
| 16:16 | xXx · wall_segment Stone Wall x7 |
| 16:45 | Arcanine1220 · wall_segment Stone Wall x16 |
| 16:54 | xXx · wall_segment Stone Wall x9 |
| 17:36 | DolphinPizza · first_building Stable |
| 18:43 | Patheris · age_up castle |
| 19:05 | 愛 (Touhou Project's Version) · first_building Barracks |
| 19:43 | ascfska · age_up castle |
| 19:50 | Arcanine1220 · first_market_buy 100 food |
| 20:17 | Arcanine1220 · first_market_sell 100 food |
| 20:40 | 4Neww · first_building Barracks |
| 20:57 | Arcanine1220 · wall_segment Stone Wall x17 |
| 21:09 | 4Neww · wall_segment Stone Wall x11 |
| 22:09 | 4Neww · wall_segment Stone Wall x10 |
| 22:15 | ascfska · first_building Monastery |
| 22:18 | 愛 (Touhou Project's Version) · first_building Stable |
| 22:22 | 愛 (Touhou Project's Version) · first_building Archery Range |
| 22:36 | ascfska · first_building Castle |
| 23:06 | mdg762 · first_building Stable |
| 24:19 | 4Neww · wall_segment Stone Wall x2 |
| 24:27 | 4Neww · first_building Archery Range |
| 24:38 | 4Neww · first_building Stable |
| 24:49 | xXx · age_up castle |
| 25:05 | Arcanine1220 · first_building Monastery |
| 25:23 | Arcanine1220 · wall_segment Stone Wall x14 |
| 25:27 | 愛 (Touhou Project's Version) · wall_segment Stone Wall x5 |
| 25:32 | 愛 (Touhou Project's Version) · wall_segment Stone Wall x10 |
| 25:38 | 4Neww · age_up castle |
| 26:55 | Patheris · first_building Castle |
| 26:59 | DolphinPizza · age_up castle |
| 27:01 | DolphinPizza · first_market_buy 100 wood |
| 27:19 | xXx · first_building Monastery |
| 27:29 | xXx · first_building Stable |
| 27:52 | 愛 (Touhou Project's Version) · age_up castle |
| 28:00 | 愛 (Touhou Project's Version) · first_building Castle |
| 28:13 | Arcanine1220 · first_building Barracks |
| 28:13 | xXx · first_building Siege Workshop |
| 28:14 | DolphinPizza · first_market_sell 100 stone |
| 28:31 | Patheris · first_building Monastery |
| 29:15 | 愛 (Touhou Project's Version) · first_market_buy 100 wood |
| 29:32 | Patheris · first_building Barracks |
| 29:34 | Arcanine1220 · first_building Archery Range |
| 31:29 | 4Neww · first_building Castle |
| 32:14 | Arcanine1220 · first_building Castle |
| 32:24 | 愛 (Touhou Project's Version) · first_building Monastery |
| 32:35 | Arcanine1220 · first_building Siege Workshop |
| 33:10 | xXx · first_building Castle |
| 34:24 | ascfska · first_building Stable |
| 35:31 | 4Neww · wall_segment Stone Wall x12 |
| 35:47 | Patheris · age_up imperial |
| 35:51 | mdg762 · age_up castle |
| 36:24 | DolphinPizza · first_building Siege Workshop |
| 36:32 | ascfska · first_building Siege Workshop |
| 36:40 | DolphinPizza · first_building Castle |
| 36:43 | 愛 (Touhou Project's Version) · first_building Siege Workshop |
| 37:17 | mdg762 · first_building Monastery |
| 37:49 | ascfska · first_building Barracks |
| 38:46 | xXx · age_up imperial |
| 39:10 | ascfska · age_up imperial |
| 40:57 | 4Neww · wall_segment Stone Wall x24 |
| 42:49 | 愛 (Touhou Project's Version) · age_up imperial |
| 44:29 | 4Neww · wall_segment Stone Wall x18 |
| 44:40 | 4Neww · age_up imperial |
| 44:42 | 愛 (Touhou Project's Version) · resign |
| 44:49 | mdg762 · wall_segment Stone Wall x14 |
| 45:09 | 4Neww · wall_segment Stone Wall x17 |
| 46:35 | DolphinPizza · wall_segment Stone Wall x15 |
| 48:25 | 4Neww · wall_segment Stone Wall x11 |
| 48:29 | Arcanine1220 · tribute_sent a jugador 1 |
| 48:29 | Arcanine1220 · tribute_sent a jugador 2 |
| 48:29 | Arcanine1220 · tribute_sent a jugador 3 |
| 48:29 | Arcanine1220 · tribute_sent a jugador 5 |
| 48:29 | Arcanine1220 · tribute_sent a jugador 6 |
| 48:29 | Arcanine1220 · tribute_sent a jugador 7 |
| 48:29 | Arcanine1220 · tribute_sent a jugador 8 |
| 49:45 | DolphinPizza · wall_segment Stone Wall x17 |
| 49:50 | mdg762 · age_up imperial |
| 49:59 | DolphinPizza · wall_segment Stone Wall x8 |
| 50:08 | DolphinPizza · wall_segment Stone Wall x8 |
| 50:18 | DolphinPizza · wall_segment Stone Wall x8 |
| 50:37 | DolphinPizza · wall_segment Stone Wall x12 |
| 50:37 | DolphinPizza · wall_segment Stone Wall x1 |
| 51:36 | mdg762 · wall_segment Stone Wall x7 |
| 51:54 | mdg762 · wall_segment Stone Wall x7 |
| 52:47 | mdg762 · wall_segment Stone Wall x11 |
| 53:56 | DolphinPizza · age_up imperial |
| 54:30 | mdg762 · first_market_buy 100 stone |
| 54:42 | ascfska · first_building Archery Range |
| 55:10 | mdg762 · first_building Castle |
| 56:35 | Arcanine1220 · tribute_sent a jugador 1 |
| 56:35 | Arcanine1220 · tribute_sent a jugador 2 |
| 56:35 | Arcanine1220 · tribute_sent a jugador 3 |
| 56:35 | Arcanine1220 · tribute_sent a jugador 5 |
| 56:35 | Arcanine1220 · tribute_sent a jugador 6 |
| 56:35 | Arcanine1220 · tribute_sent a jugador 7 |
| 56:35 | Arcanine1220 · tribute_sent a jugador 8 |
| 56:53 | xXx · wall_segment Stone Wall x7 |
| 58:10 | mdg762 · wall_segment Stone Wall x1 |
| 58:20 | mdg762 · first_market_sell 100 wood |
| 58:46 | mdg762 · wall_segment Stone Wall x12 |
| 59:38 | 4Neww · wall_segment Stone Wall x13 |
| 59:43 | DolphinPizza · wall_segment Stone Wall x4 |
| 59:54 | DolphinPizza · wall_segment Stone Wall x18 |
| 59:54 | 4Neww · wall_segment Stone Wall x15 |
| 61:36 | mdg762 · wall_segment Stone Wall x11 |
| 62:18 | DolphinPizza · wall_segment Stone Wall x14 |
| 63:18 | DolphinPizza · wall_segment Stone Wall x5 |
| 63:32 | DolphinPizza · wall_segment Stone Wall x18 |
| 64:35 | DolphinPizza · wall_segment Stone Wall x16 |
| 66:46 | mdg762 · wall_segment Stone Wall x6 |
| 74:31 | Arcanine1220 · tribute_sent a jugador 1 |
| 74:31 | Arcanine1220 · tribute_sent a jugador 2 |
| 74:31 | Arcanine1220 · tribute_sent a jugador 3 |
| 74:31 | Arcanine1220 · tribute_sent a jugador 5 |
| 74:31 | Arcanine1220 · tribute_sent a jugador 6 |
| 74:31 | Arcanine1220 · tribute_sent a jugador 7 |
| 74:31 | Arcanine1220 · tribute_sent a jugador 8 |
| 81:35 | Arcanine1220 · first_building Stable |
| 86:53 | 4Neww · first_market_sell 500 wood |
| 90:46 | xXx · first_market_sell 100 food |
| 90:49 | xXx · first_market_buy 100 stone |
| 92:51 | mdg762 · first_building Siege Workshop |
[ AI ANALYSIS · 1 CREDIT ]
What really happened in this match?
Wolo.gg analyzes every decision: build order, eco, micro, common mistakes by bracket. Personalized analysis on WhatsApp or Discord in 30 seconds.
Civ guide
Goths
Map guide
Black Forest
Perfil
Jugador #4044721